Map: Mementos LE

Players

redbusman

  • Race: Terran Terran
  • League: Bronze
  • Spawn Location: 12:00

twoshoes

  • Race: Protoss Protoss
  • Spawn Location: 3:00

Kingfischer

  • Race: Terran Terran
  • League: Bronze
  • Spawn Location: 3:00

finessipov

  • Race: Terran Terran
  • League: Platinum
  • Spawn Location: 1:00

warmwater - Winner!

  • Race: Protoss Protoss
  • Spawn Location: 9:00

HornWizard - Winner!

  • Race: Zerg Zerg
  • Spawn Location: 9:00

NuelKoh - Winner!

  • Race: Terran Terran
  • Spawn Location: 7:00

ratmeatpizza - Winner!

  • Race: Terran Terran
  • Spawn Location: 6:00

VOD

Have the link to the VOD?

Description

Time

  • Played on: July 12, 2020, 11:47 p.m.
  • Length: 11:23
Show
View Real Time Build Order
Export as new Build Order

redbusman Terran 

Build Orders:  

Get SALT Encoding   

  12  0:02  SCV  
  14  0:14  SCV  
  14  0:22  Supply Depot  
  14  0:27  SCV  
  15  0:44  SCV  
  16  0:52  Barracks  
  16  0:56  SCV  
  17  1:00  Refinery  
  17  1:08  SCV  
  18  1:20  SCV  
  19  1:37  Refinery  
  19  1:47  Supply Depot  
  19  1:49  Command Center  
  19  1:53  Orbital Command  
  19  2:13  Factory, Marine  
  20  2:23  SCV  
  21  2:31  Marine  
  22  2:51  Engineering Bay  
  22  3:03  Starport  
  22  3:13  Factory Tech Lab  
  22  3:25  Orbital Command  
  22  3:29  Refinery  
  22  3:33  Hi-Sec Auto Tracking  
  22  3:41  Missile Turret  
  22  3:52  SCV  
  23  3:59  Missile Turret  
  23  4:05  SCV  
  23  4:09  Siege Tank  
  28  4:17  SCV  
  28  4:29  SCV  
  29  4:33  Starport Tech Lab  
  29  4:41  Siege Tank, SCV, Fusion Core  
  33  4:53  SCV  
  34  5:05  SCV  
  35  5:13  Siege Tank  
  38  5:14  Refinery  
  38  5:17  SCV  
  38  5:19  SCV  
  40  5:29  SCV  
  40  5:31  SCV  
  42  5:39  Command Center  
  42  5:41  SCV  
  43  5:43  SCV  
  44  5:53  SCV  
  44  5:55  SCV  
  40  6:06  SCV, Missile Turret  
  40  6:08  Missile Turret  
  37  6:15  Missile Turret x2  
  32  6:21  Missile Turret  
  31  6:26  Missile Turret x3  
  31  6:28  Missile Turret  
  31  6:29  Siege Tank  
  34  6:50  Missile Turret  
  32  6:55  Missile Turret  
  32  7:14  SCV  
  33  7:24  Missile Turret  
  33  7:26  SCV  
  34  7:34  Battlecruiser  
  40  7:38  SCV  
  41  7:50  SCV  
  42  7:51  Siege Tank  
  42  7:52  Missile Turret  
  45  8:02  SCV  
  46  8:23  Missile Turret  
  46  8:35  Siege Tank  
  49  8:45  Supply Depot  
  49  8:47  Supply Depot  
  49  8:49  Supply Depot  
  49  8:53  Supply Depot  
  49  9:07  Battlecruiser  
  55  9:20  Neosteel Armor  
  49  10:11  Battlecruiser  
  55  10:26  Armory  
Show
View Real Time Build Order
Export as new Build Order

twoshoes Protoss 

Build Orders: 1 Gate Expand, Oracle Opening 

Get SALT Encoding   

  12  0:01  Probe  
  13  0:16  Pylon  
  13  0:20  Probe  
  14  0:32  Probe  
  14  0:33  Assimilator  
  15  0:44  Probe  
  16  0:53  Gateway  
  16  1:03  Probe  
  17  1:15  Probe  
  18  1:25  Nexus  
  18  1:29  Probe  
  19  1:55  Assimilator  
  19  2:03  Cybernetics Core  
  19  2:11  Pylon  
  19  2:14  Probe  
  20  2:26  Probe  
  21  2:38  Probe  
  22  2:46  Stargate  
  22  2:50  Probe  
  22  2:51  Probe  
  24  2:59  Probe  
  24  3:02  Probe  
  26  3:09  Probe  
  27  3:15  Stargate  
  27  3:21  Probe  
  27  3:22  Assimilator  
  27  3:24  Pylon  
  28  3:29  Probe  
  28  3:33  Oracle, Probe  
  33  3:41  Probe  
  34  3:45  Probe  
  34  3:46  Forge  
  35  3:53  Probe  
  36  3:57  Probe  
  36  4:01  Void Ray  
  41  4:05  Probe  
  41  4:09  Probe  
  43  4:15  Void Ray  
  47  4:23  Probe  
  48  4:35  Probe  
  46  5:13  Void Ray x2  
  54  5:25  Pylon  
  54  5:27  Assimilator  
  54  5:31  Pylon  
  54  5:43  Probe  
  55  5:55  Probe  
  56  6:08  Probe  
  57  6:24  Phoenix x2  
  61  6:38  Nexus  
  61  6:43  Pylon  
  61  6:46  Pylon  
  61  6:50  Pylon  
  61  6:53  Phoenix x2  
  65  7:06  Probe  
  66  7:17  Protoss Air Weapons Level 1  
  66  7:18  Probe, Void Ray x2  
  75  7:28  Photon Cannon  
  75  7:30  Probe  
  75  7:33  Photon Cannon  
  75  7:35  Assimilator  
  76  7:58  Probe  
  76  8:05  Phoenix x2  
  81  8:11  Probe  
  82  8:22  Fleet Beacon  
  82  8:23  Probe  
  82  8:24  Stargate  
  83  8:35  Probe  
  83  8:37  Void Ray  
  83  8:38  Void Ray  
  91  8:47  Probe  
  92  8:59  Probe  
  93  9:07  Assimilator  
  93  9:11  Probe  
  94  9:21  Void Ray x2  
  94  9:23  Void Ray, Probe  
  107  9:35  Probe  
  108  9:47  Probe  
  109  10:11  Probe  
  84  10:23  Probe  
Show
View Real Time Build Order
Export as new Build Order

Kingfischer Terran 

Build Orders:  

Get SALT Encoding   

  12  0:01  SCV  
  13  0:15  SCV  
  13  0:21  Supply Depot  
  14  0:28  SCV  
  15  0:37  Refinery  
  15  0:50  SCV  
  15  0:55  Barracks  
  16  1:05  SCV  
  17  1:19  SCV  
  18  1:42  Supply Depot x2  
  18  1:45  Orbital Command  
  18  1:48  Marine  
  19  1:58  Refinery  
  19  2:06  Marine  
  20  2:13  SCV  
  21  2:20  Factory  
  21  2:31  Command Center  
  21  2:38  SCV  
  22  2:52  Reaper  
  22  3:36  Widow Mine  
  24  3:51  SCV  
  25  3:57  Widow Mine  
  25  4:00  Starport  
  27  4:06  SCV  
  28  4:11  SCV  
  28  4:19  Widow Mine  
  28  4:23  SCV  
  29  4:30  Marine  
  29  4:35  SCV  
  30  4:47  SCV  
  30  4:48  Marine  
  32  4:53  Starport Reactor  
  32  4:54  Factory Tech Lab  
  32  4:59  SCV  
  33  5:11  Bunker, SCV  
  34  5:17  Siege Tank  
  37  5:23  SCV  
  37  5:26  Marine  
  39  5:32  SCV  
  40  5:35  SCV  
  40  5:41  Viking x2  
  45  5:44  Marine, SCV  
  45  5:47  SCV  
  45  5:48  Engineering Bay  
  50  5:50  Widow Mine  
  50  5:56  SCV  
  51  6:00  SCV  
  52  6:08  SCV  
  53  6:12  SCV  
  54  6:23  Supply Depot  
  54  6:27  Missile Turret  
  54  6:44  Viking x2  
  54  6:45  Supply Depot, Widow Mine  
  60  6:47  Refinery  
  60  7:10  Command Center  
  60  7:11  Orbital Command  
  60  7:13  SCV  
  61  7:25  SCV  
  62  7:37  SCV  
  62  7:39  Supply Depot  
  62  7:44  Hi-Sec Auto Tracking  
  63  7:48  Widow Mine  
  63  7:51  Medivac x2  
  69  8:02  Starport  
  69  8:06  Supply Depot  
  69  8:10  Widow Mine  
  71  8:15  SCV  
  72  8:24  Refinery  
  72  8:27  SCV  
  72  8:28  Armory  
  73  8:35  Missile Turret  
  73  8:39  SCV  
  74  8:56  Missile Turret  
  66  9:45  Missile Turret  
  66  9:50  Starport Tech Lab  
  66  9:59  Starport  
Show
View Real Time Build Order
Export as new Build Order

finessipov Terran 

Build Orders:  

Get SALT Encoding   

  12  0:01  SCV  
  13  0:13  SCV  
  14  0:22  Supply Depot  
  14  0:25  SCV  
  15  0:43  SCV  
  15  0:45  Barracks  
  15  0:49  Refinery  
  16  0:55  SCV  
  17  1:07  SCV  
  18  1:16  Supply Depot  
  18  1:20  SCV  
  19  1:32  Orbital Command  
  19  1:36  Supply Depot  
  19  1:59  Command Center  
  19  2:13  Factory  
  19  2:22  SCV  
  20  2:40  Marine  
  21  3:01  Refinery, Command Center, Factory Tech Lab  
  21  3:07  SCV  
  21  3:08  Engineering Bay  
  22  3:19  SCV  
  23  3:20  Siege Tank  
  26  3:31  SCV  
  27  3:36  SCV  
  27  3:37  Armory  
  28  3:43  SCV  
  28  3:45  Missile Turret  
  28  3:48  SCV  
  30  3:49  Missile Turret  
  30  3:55  SCV  
  30  4:28  SCV  
  30  4:29  SCV  
  32  4:31  Siege Tank  
  32  4:34  Terran Ship Weapons Level 1  
  32  4:38  Armory  
  35  4:41  SCV  
  35  4:42  Refinery x2  
  36  4:47  SCV  
  37  4:53  SCV  
  37  4:59  SCV  
  39  5:03  Siege Tank  
  39  5:05  SCV  
  43  5:13  SCV  
  44  5:17  SCV, Missile Turret  
  45  5:25  SCV  
  46  5:29  SCV x2  
  48  5:35  Terran Vehicle And Ship Armor Level 1  
  48  5:37  Hi-Sec Auto Tracking, SCV  
  48  5:41  SCV x2  
  51  5:47  Starport x2  
  51  5:55  Starport  
  51  6:07  Missile Turret  
  51  6:08  Missile Turret  
  51  6:09  Missile Turret  
  47  6:31  Starport Reactor x2  
  47  6:32  Starport Reactor  
  47  6:37  SCV x3  
  47  7:00  Command Center  
  43  7:09  Planetary Fortress  
  43  7:18  SCV x2  
  45  7:30  Terran Vehicle And Ship Armor Level 2, SCV x2  
  45  7:31  Terran Ship Weapons Level 2  
  45  7:34  Viking x4  
  45  7:35  Viking x2  
  59  7:45  SCV  
  59  7:46  SCV x2  
  62  7:54  Siege Tank  
  62  7:57  SCV  
  62  7:58  SCV  
  67  8:06  Missile Turret  
  67  8:09  SCV  
  67  8:10  Starport  
  68  8:16  SCV x2  
  70  8:21  SCV  
  70  8:24  Refinery  
  70  8:26  Siege Tank, SCV, Missile Turret  
  75  8:28  SCV  
  75  8:29  SCV  
  77  8:36  Viking x3  
  77  8:38  SCV  
  84  8:46  Supply Depot  
  84  8:47  Supply Depot  
  84  8:49  Supply Depot  
  84  8:50  Refinery  
  84  8:52  Supply Depot  
  84  9:07  SCV x2, Viking  
  88  9:18  Refinery  
  88  9:19  SCV  
  88  9:20  Viking x2  
  88  9:21  Viking x3  
  99  9:24  Starport Reactor  
  99  9:31  SCV  
  99  9:38  Fusion Core  
  100  9:43  Refinery, SCV  
  101  9:52  Supply Depot  
  101  9:53  Supply Depot x2  
  101  9:55  Supply Depot x3  
  101  9:59  Viking  
  85  10:00  Viking x3  
  109  10:16  Supply Depot x2  
  109  10:18  Planetary Fortress  
  108  10:24  Missile Turret  
  108  10:25  Missile Turret  
  108  10:26  Missile Turret x2  
Show
View Real Time Build Order
Export as new Build Order

warmwater Protoss - Winner!

Build Orders: Phoenix Opening, Mass Phoenix 

Get SALT Encoding   

  12  0:00  Probe  
  13  0:12  Probe  
  14  0:19  Pylon  
  14  0:25  Probe  
  15  0:33  Probe  
  15  0:41  Probe  
  17  0:51  Probe  
  18  1:03  Probe  
  19  1:10  Nexus  
  19  1:15  Probe  
  20  1:22  Pylon  
  20  1:25  Assimilator  
  20  1:27  Probe  
  21  1:35  Gateway  
  21  1:39  Probe  
  22  1:51  Probe  
  22  1:53  Assimilator  
  23  2:03  Probe  
  24  2:14  Probe  
  24  2:19  Pylon, Probe  
  24  2:22  Probe  
  26  2:27  Probe  
  26  2:28  Cybernetics Core  
  27  2:30  Probe  
  27  2:36  Pylon  
  29  2:40  Forge, Probe  
  29  2:42  Probe  
  31  2:53  Probe  
  31  2:54  Probe  
  33  3:04  Protoss Air Weapons Level 1  
  33  3:05  Probe  
  34  3:06  Probe  
  34  3:07  Stargate  
  34  3:09  Stargate  
  35  3:17  Probe  
  35  3:18  Probe  
  37  3:29  Probe  
  37  3:30  Probe  
  39  3:38  Assimilator  
  40  3:41  Probe  
  40  3:42  Assimilator, Probe  
  40  3:45  Photon Cannon  
  41  3:53  Phoenix, Probe  
  41  3:54  Probe  
  41  3:55  Phoenix  
  47  4:05  Probe, Pylon  
  47  4:07  Probe  
  47  4:08  Protoss Shields Level 1  
  49  4:17  Probe  
  49  4:19  Pylon, Probe  
  51  4:25  Phoenix x2  
  51  4:29  Probe  
  51  4:31  Probe  
  57  4:35  Photon Cannon  
  57  4:37  Photon Cannon  
  57  4:41  Probe  
  57  4:43  Probe  
  59  4:50  Phoenix  
  61  5:02  Phoenix  
  61  5:04  Probe x2  
  65  5:07  Pylon  
  65  5:13  Protoss Air Armor Level 1  
  65  5:16  Probe x2  
  65  5:19  Pylon  
  67  5:28  Probe x2  
  69  5:32  Phoenix x2  
  73  5:42  Fleet Beacon  
  73  5:48  Cybernetics Core  
  73  5:50  Probe x2  
  75  6:23  Probe  
  75  6:24  Probe  
  75  6:36  Nexus, Probe x2  
  77  6:40  Pylon  
  77  6:42  Pylon  
  77  6:45  Pylon  
  77  6:48  Probe x2  
  77  6:49  Pylon  
  79  6:55  Protoss Air Weapons Level 2  
  79  6:56  Assimilator, Protoss Air Armor Level 2  
  79  7:00  Assimilator, Twilight Council, Probe x2  
  81  7:02  Anion Pulse-Crystals  
  81  7:12  Probe x2  
  83  7:24  Probe  
  83  7:25  Probe  
  85  7:31  Protoss Shields Level 2  
  85  7:36  Probe  
  86  7:38  Probe  
  87  7:48  Probe  
  87  7:50  Probe  
  89  7:51  Probe  
  89  7:54  Phoenix x2  
  94  8:00  Probe  
  94  8:01  Nexus  
  94  8:02  Pylon  
  94  8:03  Photon Cannon, Pylon  
  95  8:05  Pylon  
  95  8:07  Pylon  
  95  8:08  Photon Cannon x2  
  95  8:10  Photon Cannon, Stargate  
  95  8:11  Probe x2  
  95  8:12  Probe  
  98  8:15  Stargate  
  98  8:19  Phoenix x2  
  102  8:23  Probe  
  103  8:30  Charge  
  103  8:38  Stargate  
  103  8:40  Pylon  
  103  8:41  Pylon  
  103  8:43  Gateway  
  103  8:44  Gateway x2  
  103  8:50  Gateway  
  103  8:51  Gateway  
  103  8:59  Pylon  
  103  9:01  Carrier  
  103  9:02  Warp Gate  
  109  9:06  Assimilator  
  109  9:10  Assimilator  
  109  9:13  Photon Cannon  
  109  9:19  Photon Cannon, Carrier  
  109  9:21  Photon Cannon  
  109  9:24  Photon Cannon  
  109  9:29  Photon Cannon, Carrier  
  121  9:37  Void Ray  
  121  9:46  Void Ray  
  129  10:05  Phoenix  
  127  10:44  Phoenix x5  
  137  11:05  Templar Archives  
Show
View Real Time Build Order
Export as new Build Order

HornWizard Zerg - Winner!

Build Orders: Pool First 

Get SALT Encoding   

  12  0:01  Drone  
  13  0:09  Drone  
  14  0:19  Extractor  
  14  0:20  Drone  
  14  0:33  Spawning Pool  
  13  0:36  Drone  
  14  0:46  Overlord  
  14  1:04  Drone  
  14  1:05  Drone x2  
  17  1:16  Drone  
  18  1:21  Metabolic Boost  
  18  1:27  Queen  
  18  1:31  Drone  
  22  1:40  Drone  
  22  1:48  Overlord  
  22  2:07  Zergling x2  
  23  2:17  Hatchery, Zergling x2  
  23  2:30  Baneling Nest  
  22  2:42  Hatchery  
  21  3:01  Drone x4  
  21  3:02  Drone  
  26  3:08  Queen  
  27  3:33  Drone  
  28  3:39  Zergling x12  
  34  3:43  Zergling x2  
  35  3:53  Overlord  
  35  3:54  Overlord  
  35  3:55  Zergling x2  
  30  4:32  Zergling x2  
  30  4:33  Zergling x14  
  30  4:34  Zergling x4  
  30  4:38  Queen  
  42  4:46  Extractor  
  42  4:50  Lair  
  41  4:55  Roach Warren  
  41  4:58  Drone x2  
  42  5:02  Evolution Chamber  
  42  5:03  Evolution Chamber  
  40  5:33  Drone x7  
  40  5:34  Drone x3  
  45  5:51  Spire  
  45  5:53  Drone x4  
  48  5:57  Extractor  
  48  6:00  Extractor  
  42  6:13  Zergling x4  
  42  6:14  Zergling x12  
  47  6:31  Extractor  
  47  6:32  Extractor  
  45  6:33  Drone x5  
  45  6:34  Drone  
  49  6:52  Hatchery  
  47  7:06  Zergling x2  
  47  7:07  Zergling x14  
  47  7:08  Zergling x6  
  57  7:13  Drone x2  
  57  7:14  Drone  
  57  7:20  Zerg Flyer Weapons Level 1  
  48  8:04  Spore Crawler  
  47  8:13  Infestation Pit  
  47  8:19  Drone x4  
  51  8:20  Drone  
  51  8:28  Drone x3  
  54  8:44  Drone x2  
  54  8:45  Drone x5  
  54  8:46  Drone x2  
  54  8:47  Overlord x5  
  63  8:51  Hive  
  63  9:17  Mutalisk x4  
  63  9:18  Mutalisk x6  
  63  9:19  Mutalisk x2  
  87  9:25  Drone  
  87  9:30  Overseer x2  
  88  9:33  Pneumatized Carapace  
  88  9:48  Hatchery  
  88  9:55  Hatchery  
  88  10:23  Drone x2  
  88  10:24  Drone x6  
  96  10:30  Drone x2, Extractor  
  96  10:31  Drone x2, Overlord x2  
  96  10:32  Overlord x2, Extractor  
  79  11:01  Spore Crawler  
Show
View Real Time Build Order
Export as new Build Order

NuelKoh Terran - Winner!

Build Orders:  

Get SALT Encoding   

  12  0:01  SCV  
  13  0:13  SCV  
  14  0:18  Supply Depot  
  14  0:26  SCV  
  15  0:40  SCV  
  15  0:41  Barracks  
  16  0:52  SCV  
  17  1:04  SCV  
  18  1:20  Command Center  
  18  1:22  SCV  
  19  1:29  Marine  
  20  1:35  Orbital Command  
  20  1:44  Refinery  
  20  1:48  Marine  
  20  1:49  Refinery  
  21  2:01  SCV  
  22  2:03  Barracks  
  22  2:06  Marine  
  23  2:13  Supply Depot  
  23  2:30  Barracks  
  23  2:31  Barracks Tech Lab  
  23  2:35  SCV  
  24  2:40  SCV  
  25  2:48  Orbital Command  
  25  2:52  Barracks Reactor  
  25  2:54  Stimpack  
  25  2:57  SCV  
  26  3:09  SCV  
  27  3:13  SCV  
  27  3:17  Barracks Reactor  
  28  3:21  SCV  
  28  3:25  Marine, Engineering Bay  
  30  3:31  Factory  
  30  3:32  SCV  
  30  3:33  SCV  
  32  3:37  Marine x2  
  34  3:47  SCV  
  34  3:48  SCV  
  36  3:54  Marine x3  
  39  3:59  SCV  
  39  4:00  SCV  
  41  4:07  Supply Depot  
  41  4:12  SCV x2  
  41  4:14  Refinery, Marine x3  
  46  4:21  Starport  
  46  4:24  Factory Reactor  
  46  4:28  Marine x2, SCV x2  
  50  4:32  Marine x2  
  50  4:35  Combat Shield  
  52  4:40  Terran Infantry Weapons Level 1, SCV x2  
  54  5:12  Command Center  
  54  5:17  Refinery  
  54  5:33  Factory Reactor  
  54  5:53  Supply Depot  
  54  5:56  Supply Depot  
  54  6:09  Supply Depot, Barracks  
  54  6:11  Barracks  
  54  6:15  Marine x3, SCV, Medivac x2  
  54  6:17  Marine x2  
  54  6:18  Widow Mine x2, SCV  
  69  6:25  Orbital Command  
  69  6:26  Supply Depot  
  69  6:32  Supply Depot, Marine  
  69  6:35  Terran Infantry Armor Level 1  
  70  6:41  Engineering Bay  
  70  6:42  Armory, SCV x2  
  72  6:51  SCV  
  72  6:53  Supply Depot  
  73  6:54  SCV x2  
  73  6:58  Barracks Reactor, Barracks Tech Lab  
  73  7:01  Marine x5  
  77  7:03  SCV  
  77  7:06  SCV x2, Medivac x2  
  87  7:15  SCV  
  88  7:17  Marine  
  88  7:18  Concussive Shells, Marine, SCV  
  88  7:19  Marine x3, SCV  
  88  7:20  Marauder  
  97  7:25  Widow Mine  
  97  7:26  Widow Mine  
  97  7:27  SCV  
  102  7:30  Terran Infantry Weapons Level 2  
  102  7:31  SCV x2  
  102  7:35  Refinery, Marine  
  102  7:36  Refinery, Marine x5  
  109  7:39  SCV  
  109  7:40  Medivac  
  109  7:41  Marauder  
  109  7:43  SCV x2  
  117  7:53  Marauder  
  117  7:55  SCV x3  
  122  8:15  Command Center  
  122  8:18  SCV x3  
  125  8:21  Marine  
  125  8:46  Marine x5  
  125  8:47  SCV x3  
  133  8:49  Marine x2  
  133  8:50  Marauder  
  133  8:51  Terran Infantry Armor Level 2  
  133  8:52  Medivac x2  
  141  9:02  Supply Depot  
  141  9:04  Marine x5, SCV x3  
  141  9:05  Supply Depot, Terran Vehicle And Ship Armor Level 1  
  149  9:24  Marauder, Marine, Widow Mine x2, SCV  
  149  9:27  Marauder, Marine  
  160  9:32  Marine x4  
  161  9:42  Marine  
  161  9:44  Marine  
  162  9:46  Marauder  
  162  9:51  Marine x5  
  170  10:07  Marauder  
  170  10:12  Marine x5  
  170  10:13  Marine x2  
  173  10:28  Marine  
  174  10:30  Marine x4  
  174  10:31  Marauder  
  180  10:50  Marine x3  
  180  10:51  Marine  
  180  10:52  Marine  
  180  10:54  Marine  
  180  10:56  Marine  
  180  10:58  Marauder  
Show
View Real Time Build Order
Export as new Build Order

ratmeatpizza Terran - Winner!

Build Orders:  

Get SALT Encoding   

  12  0:01  SCV  
  13  0:16  Supply Depot  
  13  0:18  SCV  
  14  0:30  SCV  
  15  0:39  Barracks  
  15  0:42  SCV  
  16  0:52  Refinery  
  16  0:54  SCV  
  17  1:07  SCV  
  18  1:19  SCV  
  19  1:27  Supply Depot  
  20  1:34  Orbital Command  
  20  1:38  Barracks Tech Lab  
  19  1:42  Refinery  
  19  1:57  Command Center  
  19  2:01  SCV  
  20  2:12  Stimpack  
  20  2:13  SCV  
  21  2:23  Reaper  
  21  2:25  SCV  
  23  2:35  Barracks  
  23  2:37  SCV  
  24  2:49  SCV, Barracks  
  25  2:56  Supply Depot  
  25  3:00  Supply Depot  
  25  3:42  Barracks Reactor x2  
  25  3:43  Orbital Command  
  25  3:52  Factory  
  25  4:05  Engineering Bay  
  25  4:06  Combat Shield  
  25  4:17  Orbital Command  
  25  4:27  Marine  
  25  4:28  Marine x4  
  30  4:45  Marine  
  27  4:46  Marine x4  
  27  4:48  Missile Turret  
  32  4:53  SCV  
  33  5:03  Marine x3  
  33  5:05  SCV  
  37  5:07  SCV  
  38  5:18  SCV  
  38  5:19  SCV  
  40  5:25  Bunker  
  40  5:30  SCV  
  40  5:31  SCV  
  42  5:42  SCV  
  43  5:43  SCV  
  44  5:54  SCV  
  44  5:55  SCV  
  46  6:00  Missile Turret  
  46  6:01  Missile Turret  
  46  6:05  Missile Turret  
  46  6:06  SCV  
  46  6:07  Terran Infantry Weapons Level 1, SCV  
  46  6:08  Marine x2  
  46  6:09  Marine x3  
  53  6:18  SCV  
  54  6:20  SCV  
  55  6:30  SCV  
  55  6:32  SCV  
  57  6:35  Starport  
  57  6:36  Refinery, Barracks  
  57  6:39  Refinery  
  57  6:42  SCV  
  57  6:43  Supply Depot  
  57  6:44  SCV  
  57  6:46  Supply Depot  
  59  6:54  SCV  
  59  6:56  SCV  
  61  7:06  SCV  
  61  7:07  Supply Depot, Marine x5  
  67  7:10  Supply Depot  
  67  7:14  SCV  
  68  7:18  SCV  
  69  7:24  Marine  
  69  7:25  Marine x4  
  69  7:26  SCV  
  67  7:31  SCV  
  68  7:38  SCV  
  68  7:42  Marine  
  68  7:43  Marine x4, SCV  
  75  7:50  Barracks Reactor  
  75  7:55  Starport Reactor  
  75  8:00  Marine, SCV  
  75  8:01  Marine, SCV  
  79  8:08  Command Center  
  79  8:12  Refinery  
  79  8:13  Refinery, SCV x2  
  79  8:14  Missile Turret  
  81  8:25  SCV  
  82  8:31  Barracks  
  82  8:37  Barracks  
  82  8:57  Medivac x2  
  86  9:20  Barracks  
  86  9:23  Orbital Command  
  86  9:25  SCV x2, Barracks  
  86  9:27  Medivac x2  
  92  9:37  SCV x2  
  94  9:45  Marine x6  
  95  9:46  Marine  
  95  9:49  SCV x2  
  102  10:01  SCV x2  
  102  10:03  Marine x5  
  109  10:10  Barracks  
  108  10:15  Barracks  
  108  10:54  Armory  
  108  11:00  Supply Depot  
  108  11:01  Engineering Bay  
  108  11:03  Supply Depot  
  107  11:23  Supply Depot  
Tags
 
Add a new tag
Caveats
  • Supply blocks, unpowered buildings, or Contaminate may cause inaccurate times.
  • Supply counts are checked every 10 seconds.